AoeStats
← jantotu

Golden Pit

509333077Analyzed
1v1 RM · 7d ago on Sep 26, 2026· 72m 30s· 2 players
Game mode
Random Map
Map size
Tiny (2 player)
Population
200
Speed
Normal
Resources
Standard
Victory
Conquest
Starting age
Dark Age
Ending age
Imperial Age
RankedLock teamsTeams togetherTeam positionsShared explorationLock speedFull tech treeHidden civsTurbo modeCheats
Victory
Defeat
🇩🇪 Tatars · Germany
1196
+18
🇨🇭 Maya · Switzerland
1231
-18
jantotu
0:30 Loom
10:03 Feudal Age
10:49 Double-Bit Axe
16:32 Fletching
23:06 Castle Age
21:18 Scale Mail Armor
22:43 Forging
22:36 Padded Archer Armor
23:13 Crossbowman
23:51 Bodkin Arrow
23:20 Pikeman
29:52 Bow Saw
29:28 Eagle Warrior
34:44 Wheelbarrow
37:46 Imperial Age
38:59 Ballistics
38:04 Arbalester
40:13 Bracer
43:31 Thumb Ring
50:08 Hand Cart
52:07 Chemistry
53:50 Onager
54:49 Masonry
67:23 Leather Archer Armor
TheSharkus
7:09 Loom
9:44 Feudal Age
10:28 Double-Bit Axe
10:24 Horse Collar
15:31 Fletching
20:08 Padded Archer Armor
22:24 Castle Age
21:29 Bloodlines
21:22 Gold Mining
22:03 Scale Barding Armor
22:24 Elite Skirmisher
23:01 Bodkin Arrow
23:26 Husbandry
24:48 Leather Archer Armor
32:28 Ballistics
32:01 Light Cavalry
34:13 Chain Barding Armor
38:03 Imperial Age
37:50 Wheelbarrow
41:18 Chemistry
40:34 Bracer
41:04 Ring Archer Armor
43:11 Ring Archer Armor
42:53 Forging
43:28 Conscription
44:07 Capped Ram
47:06 Plate Barding Armor
47:07 Iron Casting
46:21 Hussar
47:52 Wheelbarrow
47:02 Town Watch
47:32 Bow Saw
47:27 Heavy Plow
51:51 Blast Furnace
54:40 Masonry
55:15 Hand Cart
66:12 Silk Armor
67:21 Heavy Cavalry Archer
Connection lost

Rejoining the realm…

Still unreachable

The connection could not be restored.

Session expired

The server has moved on; the page needs a fresh start.